AoeStats
← Dodô Pressão

Nomad

504785981Analyzed
2v2 RM · 27d ago on Sep 6, 2026· 51m 23s· 4 players
Game mode
Random Map
Map size
176×176
Population
200
Speed
Normal
Resources
Standard
Victory
Conquest
Starting age
Dark Age
Ending age
Imperial Age
RankedLock teamsTeams togetherTeam positionsShared explorationLock speedFull tech treeHidden civsTurbo modeCheats
Victory
Defeat
🇧🇷 Georgians · Brazil
509
+12
🇲🇽 Bulgarians · Mexico
452
+14
🇦🇷 Sicilians · Argentina
477
-16
🇪🇸 Spanish · Spain
337
-10
abe.anderman
6:29 Loom
17:57 Feudal Age
19:50 Wheelbarrow
27:37 Horse Collar
34:27 Forging
36:46 Castle Age
37:44 Hand Cart
38:21 Bloodlines
38:13 Husbandry
39:20 Iron Casting
38:45 Scale Mail Armor
38:51 Scale Barding Armor
39:16 Gold Mining
41:02 Heavy Plow
40:50 Double-Bit Axe
41:01 Stone Mining
42:11 Gambesons
42:27 Squires
47:27 Squires
47:14 Arson
48:08 Chain Mail Armor
Dodô Pressão
17:27 Feudal Age
18:20 Double-Bit Axe
18:58 Gold Mining
23:32 Castle Age
22:09 Fishing Lines
25:04 Wheelbarrow
24:35 Gillnets
26:05 Hand Cart
35:50 Svan Towers
39:41 Imperial Age
40:00 Medium Warships
40:39 Bow Saw
40:24 Stone Mining
40:06 Elite Monaspa
41:51 Stone Shaft Mining
41:30 Horse Collar
43:17 Forging
43:12 Scale Barding Armor
48:16 Iron Casting
48:01 Chain Barding Armor
51:12 Heavy Plow
csanmiguel90
16:58 Feudal Age
18:08 Fishing Lines
19:29 Wheelbarrow
19:32 Double-Bit Axe
20:15 Man-at-Arms
20:41 Arson
21:14 Horse Collar
23:22 Town Watch
26:29 Bloodlines
29:12 Castle Age
28:41 Gold Mining
31:26 Gillnets
31:47 Medium Warships
30:59 Demolition Ship
39:03 Hand Cart
38:49 Town Patrol
38:48 Stone Mining
39:18 Careening
39:16 Siphons
40:01 Long Swordsman
40:26 Gambesons
40:42 Squires
40:06 Pikeman
40:55 Husbandry
41:06 Bloodlines
43:16 Stone Shaft Mining
43:34 Bow Saw
48:30 Imperial Age
45:48 Loom
Kowalsky
3:38 Loom
5:45 Loom
16:28 Feudal Age
Connection lost

Rejoining the realm…

Still unreachable

The connection could not be restored.

Session expired

The server has moved on; the page needs a fresh start.